 Dungeon Crawl Stone Soup version 0.30.1-11-g7821555f0a (webtiles) character file.

Game seed: 1547504802987534799

48 lonewolfV2 the Shield-Bearer (level 4, 0/37 HPs)
             Began as a Formicid Fighter on Nov 15, 2023.
             Slain by a gnoll
             ... wielding a +0 club
              (4 damage)
             ... on level 2 of the Dungeon.
             The game lasted 00:01:17 (862 turns).

lonewolfV2 the Shield-Bearer (Formicid Fighter)      Turns: 862, Time: 00:01:18

Health: 0/37       AC:  6    Str: 21    XL:     4   Next: 0%
Magic:  4/4        EV:  9    Int:  7    God:
Gold:   68         SH:  5    Dex: 15    Spells: 3/3 levels left

rFire   . . .        a - +0 war axe
rCold   . . .        c - +0 buckler
rNeg    . . .        b - +0 scale mail
rPois   .            (helmet unavailable)
rElec   .            (no cloak)
rCorr   .            (no gloves)
SInv    +            (no boots)
Will    .....        (no amulet) Stlth
                     e - ring of flight
HPRegen 0.26/turn    (no ring)
MPRegen 0.09/turn

%: no passive effects
@: mighty, flying
A: permanent stasis, dig shafts and tunnels, antennae 3, four strong arms
a: Dig, Shaft Self


You were on level 2 of the Dungeon.
You visited 1 branch of the dungeon, and saw 2 of its levels.

You collected 68 gold pieces.

Inventory:

Hand Weapons
 a - a +0 war axe (weapon)
Armour
 b - a +0 scale mail (worn)
 c - a +0 buckler (worn)
Jewellery
 e - a ring of flight (left hand)
Potions
 f - a potion of heal wounds {unknown}


   Skills:
 + Level 3.9 Fighting
 * Level 3.4 Axes
 - Level 3.2 Armour
 - Level 4.0 Shields


You had 3 spell levels left.
You didn't know any spells.
Your spell library was empty.

Dungeon Overview and Level Annotations

Branches:
Dungeon (2/15)

Altars:
Vehumet

Shops:
D:2 *


Innate Abilities, Weirdness & Mutations

You cannot be hasted, slowed, berserked, paralysed or teleported.
You can dig through walls and to a lower floor.
You have a pair of large antennae on your head. (SInv)
Your four strong arms can wield two-handed weapons with a shield.


Message History

The worm closely misses you.
You hit the worm.
The worm is almost dead.
The worm bites you!
You hit the worm.
You kill the worm!
You see here a worm corpse.
A gnoll comes into view. It is wielding a +0 halberd.
The gnoll shouts!
You hear a shout! x2
The gnoll moves out of view.
You hear a shout!
Found a fuming puce potion.
A gnoll comes into view. It is wielding a +0 spear.
A gnoll comes into view. It is wielding a +0 club.
You see here a scroll labelled TENYUM YRO.
There are monsters nearby!
There are monsters nearby!
Found a silvery potion.
You see here a scroll labelled TENYUM YRO.
A gnoll comes into view. It is wielding a +0 club.
The gnoll closely misses you.
You hit the gnoll.
The gnoll is moderately wounded.
The gnoll hits you with a +0 halberd! The gnoll hits you with a +0 halberd.
You hit the gnoll but do no damage.
The gnoll is moderately wounded.
The gnoll hits you with a +0 halberd!
Ouch! That really hurt!
* * * LOW HITPOINT WARNING * * *
You slash the gnoll!
You kill the gnoll!
You have reached level 4!
You feel stronger.
You feel very mighty all of a sudden. The gnoll hits you with a +0 club.
* * * LOW HITPOINT WARNING * * *
You hit the gnoll.
The gnoll is heavily wounded.
The gnoll barely misses you. The gnoll hits you with a +0 club.
You die...

.....!...#
#.#.#
........#
#.#.. ......!
#.### .....
#.# .>. #.#
#g#
#######.###
#g#
...........
#g#
.######.##.
###@#####.###
#.##.
#...†.......#
#.##.
#.#.##....#.
#.##.
#.#.......#
#.##.
#.#.#.##...##
#.##.
#.#.#.##...#
####.##.
#.#.#.##..>#
#....?..
#..........#
#.##.###
#....#....#
#.##.#


You could see 3 gnolls.

Vanquished Creatures
  A gnoll (D:2)
  An adder (D:2)
  A worm (D:2)
  A dart slug (D:1)
  2 endoplasms
  5 giant cockroaches
  4 hobgoblins
  2 quokkas (D:1)
  A ball python (D:2)
  2 bats
  2 frilled lizards (D:1)
  A rat (D:1)
23 creatures vanquished.

Notes
Turn   | Place    | Note
-------+----------+-------------------------------------------
     0 | D:1      | lonewolfV2 the Formicid Fighter began the quest for the
                  | Orb.
     0 | D:1      | Reached XP level 1. HP: 18/18 MP: 1/1
   202 | D:1      | Reached XP level 2. HP: 24/24 MP: 2/2
   397 | D:1      | Found a faded altar of an unknown god.
   408 | D:1      | Prayed at the altar of an unknown god.
   408 | D:1      | Became a worshipper of Vehumet
   408 | D:1      | Reached * piety under Vehumet
   408 | D:1      | Offered knowledge of Shock by Vehumet.
   409 | D:1      | Fell from the grace of Vehumet
   673 | D:2      | Reached XP level 3. HP: 28/30 MP: 3/3
   755 | D:2      | Found Vita Huvva's Assorted Antiques.
   861 | D:2      | Reached XP level 4. HP: 4/37 MP: 4/4
   862 | D:2      | Slain by a gnoll

Illustrated notes

Levels and vault maps discovered:
D:1:      minmay_arrival_jagged, layout_basic,
          hellmonk_ecumenical_altar_heavens_door
D:2:      layout_basic, serial_shops, shop, hangedman_feature_mirror

Skill      XL: |  1  2  3 |
---------------+----------+-----
Axes           | 3 |  3.4
Fighting       | |  3.9
Armour         | |  3.2
Shields        | |  4.0

Action                     |  1- 3 |  4- 6 || total
---------------------------+-------+-------++-------
  Melee: War axe           |    68 |     1 ||    69
 Invoke: Renounce Religion |     1 |       ||     1
    Use: Scroll            |     2 |       ||     2
         Potion            |       |     1 ||     1
 Armour: Scale mail        |    41 |       ||    41
  Dodge: Dodged            |    18 |     1 ||    19
  Block: Buckler           |    14 |       ||    14
